 Dungeon Crawl Stone Soup version 0.19.0-2-gae57169 (webtiles) character file.

5572 Gargoyl the Cleaver (level 10, -4/76 HPs)
             Began as a Demonspawn Abyssal Knight on Nov 2, 2016.
             Was an Elder of Lugonu.
             Slain by a killer bee (5 damage)
             ... on level 9 of the Dungeon.
             The game lasted 00:20:12 (8525 turns).

Gargoyl the Cleaver (Demonspawn Abyssal Knight)     Turns: 8525, Time: 00:20:14

Health: -4/76      AC: 26    Str: 17    XL:     10   Next: 44%
Magic:  0/16       EV:  7    Int: 13    God:    Lugonu [****..]
Gold:   74         SH:  3    Dex: 15    Spells: 0 memorised, 9 levels left

rFire  . . .     SeeInvis +     l - +1 hand axe (elec)
rCold  . . .     Gourm    .     D - +0 plate armour
rNeg   . . .     Faith    .     (no shield)
rPois  .         Spirit   +     a - +2 hat {SInv}
rElec  .         Reflect  +     e - +2 cloak {MR+}
rCorr  .         Harm     .     g - +2 pair of gloves
MR     +....                    j - +0 pair of boots
Stlth  ..........               m - +3 amulet of reflection
                                (no ring)
                                f - +3 ring of dexterity

@: lethally poisoned (-4 -> -7)
A: talons 2, thin metallic scales 1, magic shield, magic regeneration
a: Depart the Abyss, Bend Space, Banish, Corrupt, Renounce Religion


You were on level 9 of the Dungeon.
You worshipped Lugonu.
Lugonu was greatly pleased with you.
You were not hungry.

You visited 1 branch of the dungeon, and saw 9 of its levels.
You visited the Abyss 1 time.

You collected 415 gold pieces.
You spent 341 gold pieces at shops.

Inventory:

Hand Weapons
 l - a +1 hand axe of electrocution (weapon)
 p - a +4 war axe
 z - a +4 war axe of freezing
Missiles
 y - 9 tomahawks (quivered)
Armour
 a - a +2 hat of see invisible (worn)
 e - a +2 cloak of magic resistance (worn)
 g - a +2 pair of gloves (worn)
 j - a +0 pair of boots (worn)
 D - a +0 plate armour (worn)
Jewellery
 f - a +3 ring of dexterity (left hand)
 m - a +3 amulet of reflection (around neck)
Wands
 h - a wand of digging (16/24)
 B - a wand of paralysis (18/24)
 C - a wand of disintegration (10/24)
 E - a wand of random effects (19/48)
 F - a wand of polymorph (15/24)
 G - a wand of acid (7/15)
Scrolls
 n - 2 scrolls of magic mapping
 o - 6 scrolls of remove curse
 q - a scroll of fog
Potions
 d - 2 potions of brilliance
 k - a potion of curing
 s - 2 potions of invisibility
 t - 2 potions of berserk rage
 u - a potion of lignification {unknown}
 v - a potion of might {unknown}
 w - a potion of mutation {unknown}
Books
 b - a book of Air

   Spells                             Type                      Level
   a - Shock                          Conjuration/Air              1
   b - Swiftness                      Charms/Air                   2
   c - Repel Missiles                 Charms/Air                   2
   d - Static Discharge               Conjuration/Air              3
   e - Lightning Bolt                 Conjuration/Air              5
 A - a book of Cantrips

   Spells                             Type                      Level
   a - Confusing Touch                Hexes                        1
   b - Animate Skeleton               Necromancy                   1
   c - Summon Small Mammal            Summoning                    1
   d - Apportation                    Translocation                1
Comestibles
 c - 3 bread rations
 i - 3 beef jerkies
 r - 6 meat rations
 x - 2 chunks of flesh


   Skills:
 + Level 5.8 Fighting
 + Level 9.0 Axes
 * Level 8.6 Armour
 + Level 2.8 Dodging
 * Level 8.2 Invocations


You had 9 spell levels left.
You didn't know any spells.

Dungeon Overview and Level Annotations

Branches:
Dungeon (9/15)             Temple (0/1) D:4
   Lair: D:8-11         Orc: D:9-12

Altars:
Ashenzari
Elyvilon
Fedhas
Gozag
Hepliaklqana
Nemelex Xobeh
Okawaru
Qazlal
Ru
Vehumet
Xom
Yredelemnul

Shops:
D:4 ?   D:8 [((}=


Innate Abilities, Weirdness & Mutations

You have razor-sharp toenails.
You are partially covered in thin metallic scales. (AC +2)
When hurt, damage is shared between your health and your magic reserves.
You regenerate magic rapidly.


Message History

The killer bee stings you.
* * * LOW HITPOINT WARNING * * *
The killer bee stings you.
* * * LOW HITPOINT WARNING * * *
The killer bee barely misses you.
The killer bee stings you but does no damage.
You hear an angry buzzing noise.
You feel better.
The killer bee is no longer berserk.
The killer bee stings you but does no damage. x3
The killer bee stings you!
* * * LOW HITPOINT WARNING * * *
The killer bee stings you!
* * * LOW HITPOINT WARNING * * *
You are poisoned.
The killer bee poisons you! The killer bee barely misses you.
The killer bee stings you but does no damage. x2
The killer bee stings you!
* * * LOW HITPOINT WARNING * * *
The killer bee stings you.
You die...

#....# #....# #
#....######..
#......<.....
#######......(.....
...........<.......
............#######
.........)yy#
.........yy@#
..........y##
...........#
.######....#
#.y..###### #...
#.......... #....
#.......... .....
#..........
.....######..........


You could see a queen bee and 5 killer bees.

Vanquished Creatures
  Gastronok (D:8)
  Joseph (D:8)
  Grinder (D:3)
  The ghost of Bsssss the Covert, an amateur OpAs of Dithmenos (D:6)
  A hippogriff (D:8)
  Duvessa (D:4)
  An orc warrior (D:8)
  2 ice beasts (D:7)
  A black bear (D:6)
  A sky beast (D:8)
  2 ogres
  3 centaurs
  A phantom (D:4)
  A big kobold (D:7)
  4 bullfrogs
  3 scorpions
  Dowan (D:4)
  A killer bee (D:9)
  5 wights (D:7)
  3 crimson imps
  A centaur zombie (D:6)
  4 hounds
  2 jellies (D:8)
  6 orc priests
  A bullfrog skeleton (D:7)
  Crazy Yiuf (D:2)
  A centaur skeleton (D:7)
  A gnoll shaman (D:6)
  Ijyb (D:2)
  Jessica (D:3)
  Terence (D:3)
  3 iguanas (D:7)
  9 orc wizards
  3 worker ants
  A hound skeleton (D:5)
  7 gnolls
  6 adders
  2 shadow imps
  2 oozes
  2 worms
  36 orcs
  2 giant cockroaches
  7 goblins
  8 hobgoblins
  6 jackals
  2 quokkas
  A ball python (D:3)
  15 bats
  8 frilled lizards
  9 kobolds
  2 leopard gecko skeletons
  9 rats
  A fungus (D:2)
196 creatures vanquished.

Notes
Turn   | Place    | Note
-------+----------+-------------------------------------------
     0 | Abyss:1  | Gargoyl the Demonspawn Abyssal Knight began the quest for the Orb.
     0 | Abyss:1  | Reached XP level 1. HP: 18/18 MP: 2/2
    17 | Abyss:1  | Found a corrupted altar of Lugonu.
    42 | Abyss:1  | Noticed an apocalypse crab
    42 | Abyss:1  | Noticed a large abomination
    42 | Abyss:2  | Found a corrupted altar of Lugonu.
   106 | Abyss:2  | Noticed a blink frog
   137 | Abyss:2  | Noticed a quasit
   138 | Abyss:2  | Noticed a sixfirhy
   140 | D:1      | Escaped the Abyss
   359 | D:1      | Gained mutation: You have sharp toenails. [demonic ancestry]
   359 | D:1      | Reached XP level 2. HP: 19/24 MP: 4/4
   452 | D:1      | Reached * piety under Lugonu
   537 | D:1      | Reached skill level 1 in Dodging
   557 | D:1      | Found a shimmering altar of Xom.
   559 | D:1      | Found a blossoming altar of Fedhas.
   559 | D:1      | Found a sparkling altar of Nemelex Xobeh.
   562 | D:1      | Found a shattered altar of Ashenzari.
   562 | D:1      | Found an opulent altar of Gozag.
   562 | D:1      | Found a basalt altar of Yredelemnul.
   789 | D:1      | Reached skill level 2 in Axes
   856 | D:1      | Gained mutation: You are partially covered in thin metallic scales. (AC +2) [demonic ancestry]
   856 | D:1      | Reached XP level 3. HP: 28/29 MP: 5/5
  1412 | D:2      | Noticed Ijyb
  1437 | D:2      | Killed Ijyb
  1571 | D:2      | Reached XP level 4. HP: 35/35 MP: 6/6
  2008 | D:2      | Found a runed door.
  2012 | D:2      | Noticed Crazy Yiuf
  2018 | D:2      | Killed Crazy Yiuf
  2018 | D:2      | Reached skill level 3 in Axes
  2372 | D:2      | Gained mutation: You have razor-sharp toenails. [demonic ancestry]
  2372 | D:2      | Reached XP level 5. HP: 20/41 MP: 7/7
  2589 | D:3      | Noticed Jessica
  2603 | D:3      | Killed Jessica
  2626 | D:3      | Reached ** piety under Lugonu
  3029 | D:3      | Gained mutation: When hurt, damage is shared between your health and your magic reserves. [demonic ancestry]
  3029 | D:3      | Reached XP level 6. HP: 47/47 MP: 9/9
  3041 | D:3      | Noticed Terence
  3090 | D:3      | Killed Terence
  3090 | D:3      | Reached skill level 4 in Axes
  3242 | D:3      | Noticed Grinder
  3265 | D:3      | Paralysed by Grinder for 4 turns
  3276 | D:3      | Killed Grinder
  3552 | D:4      | Found Hus Xajyi's Magic Scroll Shop.
  3566 | D:4      | Reached XP level 7. HP: 44/53 MP: 8/10
  3570 | D:4      | Bought a scroll of enchant armour for 75 gold pieces
  3808 | D:4      | Reached skill level 5 in Axes
  3808 | D:4      | Reached skill level 5 in Invocations
  3890 | D:4      | Noticed Dowan
  3891 | D:4      | Noticed Duvessa
  3897 | D:4      | Killed Dowan
  3922 | D:4      | Killed Duvessa
  4176 | D:4      | Found a staircase to the Ecumenical Temple.
  4208 | D:4      | Found a stormy altar of Qazlal.
  4244 | D:4      | Found a shattered altar of Ashenzari.
  4669 | D:5      | Entered Level 5 of the Dungeon
  4746 | D:5      | Found a radiant altar of Vehumet.
  4746 | D:5      | Found an iron altar of Okawaru.
  4746 | D:5      | Found a white marble altar of Elyvilon.
  4747 | D:5      | Found a sparkling altar of Nemelex Xobeh.
  4853 | D:5      | Gained mutation: You regenerate magic rapidly. [demonic ancestry]
  4853 | D:5      | Reached XP level 8. HP: 57/60 MP: 10/12
  4878 | D:5      | Reached skill level 6 in Axes
  4957 | D:5      | Reached skill level 5 in Armour
  5531 | D:6      | Found a sacrificial altar of Ru.
  5545 | D:6      | Reached *** piety under Lugonu
  5935 | D:6      | Noticed Bsssss's ghost (amateur OpAs)
  5948 | D:6      | Killed Bsssss's ghost
  6372 | D:7      | Found a shimmering altar of Xom.
  6376 | D:7      | Reached XP level 9. HP: 66/66 MP: 13/13
  6474 | D:7      | Reached skill level 7 in Axes
  7038 | D:7      | Reached **** piety under Lugonu
  7246 | D:7      | Reached skill level 5 in Fighting
  7523 | D:8      | Found Saptigyu's Jewellery Shop.
  7539 | D:8      | Found Uneusuvi's Antique Weapon Shop.
  7539 | D:8      | Noticed Gastronok
  7539 | D:8      | Noticed Joseph
  7615 | D:8      | Killed Joseph
  7615 | D:8      | Reached skill level 8 in Axes
  7683 | D:8      | Killed Gastronok
  7683 | D:8      | Reached XP level 10. HP: 54/75 MP: 7/15
  7878 | D:8      | Found Umilien's Antique Weapon Emporium.
  7893 | D:8      | Bought a runed war axe for 266 gold pieces
  7895 | D:8      | Identified a scroll of acquirement
  8017 | D:8      | Found a hazy altar of Hepliaklqana.
  8020 | D:8      | Found an opulent altar of Gozag.
  8079 | D:8      | Found Ruffirch's Armour Shoppe.
  8173 | D:8      | Reached skill level 9 in Axes
  8193 | D:8      | Found a basalt altar of Yredelemnul.
  8353 | D:8      | Found Weamihel's Gadget Shoppe.
  8525 | D:9      | HP: 1/76 [killer bee (6)]
  8525 | D:9      | Slain by a killer bee

Skill      XL: |  1  2  3  4  5  6  7  8  9 10 |
---------------+-------------------------------+-----
Armour         | 2 3 4 6 8 |  8.6
Dodging        | 1 2 |  2.8
Axes           | 2 3 4 5 6 8 9 |  9.0
Invocations    | 3 4 5 6 7 8 |  8.2
Fighting       | 4 5 |  5.8

Action                   |  1- 3 |  4- 6 |  7- 9 | 10-12 || total
-------------------------+-------+-------+-------+-------++-------
Melee: Hand axe          |   146 |   234 |   409 |    82 ||   871
       Kick              |     5 |       |       |       ||     5
Invok: Depart the Abyss  |     1 |       |       |       ||     1
       Bend Space        |       |       |     1 |       ||     1
  Use: Scroll            |     2 |     5 |     7 |     3 ||    17
       Potion            |       |     5 |     6 |     1 ||    12
 Stab: Invisible         |       |     5 |       |       ||     5
  Eat: Chunk             |     2 |     7 |    14 |     3 ||    26
Armor: Leather armour    |    47 |       |       |       ||    47
       Ring mail         |    44 |    84 |       |       ||   128
       Chain mail        |       |    14 |    91 |       ||   105
       Plate armour      |       |       |   151 |    93 ||   244
Dodge: Dodged            |   110 |   134 |   124 |    63 ||   431
Block: Other             |       |    24 |    51 |    18 ||    93
       Reflection        |       |       |     2 |       ||     2
